[Event "GER-ch Youth U12W 2020"]
[Site "Willingen"]
[Date "2020.10.30"]
[Round "6.9"]
[White "Moldovan, Stela"]
[Black "Peglau, Dora"]
[Result "0-1"]
[ECO "B10"]
[WhiteElo "1219"]
[BlackElo "1683"]
[Annotator "NA RC"]
[PlyCount "108"]
[EventDate "2020.10.27"]
[EventType "swiss"]
[EventRounds "7"]
[EventCountry "GER"]
[SourceTitle "playchess.com"]
[Source "ChessBase"]
[SourceQuality "1"]
[TimeControl "40/5400+30:1800+30"]

1. e4 c6 2. c4 d5 3. exd5 cxd5 4. cxd5 Nf6 5. Bb5+ Bd7 6. Bxd7+ Nbxd7 7. Nc3 Nb6 8. Nf3 Nbxd5 9. Nxd5 Nxd5 10. d4 e6 11. Ne5 Bb4+ 12. Bd2 Bxd2+ 13. Qxd2 Rc8 14. O-O O-O 15. Rac1 Qd6 16. h3 Nf6 17. Rfd1 Rxc1 18. Qxc1 Rd8 19. Nf3 Qb6 20. Qc2 Nd5 21. Qb3 Qxb3 22. axb3 Rc8 23. Ne5 Rc2 24. Nd3 Kf8 25. Kf1 Ne7 26. Rc1 Rxc1+ 27. Nxc1 Nc6 28. Ne2 Na5 29. b4 Nc4 30. b3 Nd2+ 31. Ke1 Nxb3 32. Kd1 a5 33. Kc2 a4 34. Nc3 Nxd4+ 35. Kb2 b5 36. Ne4 Ke7 37. Kc3 e5 38. f4 Ne2+ 39. Kd2 Nxf4 40. Nc3 f5 41. Nxb5 Nd5 42. g3 Nxb4 43. Nc3 a3 44. Kc1 e4 45. Kb1 a2+ 46. Nxa2 Nxa2 47. Kxa2 e3 48. Kb2 e2 49. Kc3 e1=Q+ 50. Kc4 Qd2 51. Kb3 Kd6 52. Ka4 Qb2 53. Ka5 Kc5 54. Ka6 Qb6# 0-1

[Event "GER-ch Youth U12W 2020"]
[Site "Willingen"]
[Date "2020.10.30"]
[Round "6.10"]
[White "Jacobasch, Ronja"]
[Black "Cerkez, Lorena"]
[Result "1/2-1/2"]
[ECO "A05"]
[WhiteElo "1549"]
[BlackElo "1258"]
[Annotator "NA RC"]
[PlyCount "84"]
[EventDate "2020.10.27"]
[EventType "swiss"]
[EventRounds "7"]
[EventCountry "GER"]
[SourceTitle "playchess.com"]
[Source "ChessBase"]
[SourceQuality "1"]
[TimeControl "40/5400+30:1800+30"]

1. Nf3 Nf6 2. d3 g6 3. g3 Bg7 4. Bg2 O-O 5. O-O d6 6. e4 c5 7. Nbd2 Nc6 8. Re1 e5 9. Nc4 b5 10. Ne3 h6 11. c3 Kh7 12. Nc2 Qe8 13. d4 cxd4 14. cxd4 a6 15. dxe5 dxe5 16. Bd2 Nh5 17. Nb4 Bd7 18. Nd5 Rc8 19. Rc1 Qd8 20. Be3 Rb8 21. Rc2 Nf6 22. Bc5 Re8 23. Bd6 Rb7 24. Rd2 Bg4 25. Nxf6+ Qxf6 26. h3 Bxf3 27. Qxf3 Qxf3 28. Bxf3 Nd4 29. Bg2 Rd7 30. Bb4 Bf8 31. Bc3 Bc5 32. Kf1 Red8 33. Red1 b4 34. Bxd4 Rxd4 35. Rxd4 Bxd4 36. f4 f6 37. b3 Rc8 38. fxe5 fxe5 39. Ke2 Rc2+ 40. Rd2 Rc8 41. g4 Rf8 42. Bf1 Rf2+ 1/2-1/2

[Event "GER-ch Youth U12W 2020"]
[Site "Willingen"]
[Date "2020.10.30"]
[Round "6.11"]
[White "Bakó, Evelin"]
[Black "Rodermel, Leonie"]
[Result "0-1"]
[ECO "C10"]
[WhiteElo "1192"]
[BlackElo "1370"]
[Annotator "NA RC"]
[PlyCount "132"]
[EventDate "2020.10.27"]
[EventType "swiss"]
[EventRounds "7"]
[EventCountry "GER"]
[SourceTitle "playchess.com"]
[Source "ChessBase"]
[SourceQuality "1"]
[TimeControl "40/5400+30:1800+30"]

1. e4 e6 2. d4 d5 3. Nd2 dxe4 4. Nxe4 Bd7 5. Nf3 Bc6 6. Bd3 Nd7 7. O-O Ngf6 8. Nxf6+ Nxf6 9. c3 Bxf3 10. Qxf3 c6 11. Bg5 Be7 12. Rfe1 O-O 13. Bd2 Qc7 14. Bf4 Bd6 15. Be5 Bxe5 16. Rxe5 h6 17. Rae1 Rad8 18. Qh3 Rd5 19. f4 Rxe5 20. fxe5 Nh7 21. Bc2 Rd8 22. Qd3 Nf8 23. Qg3 c5 24. Qd3 cxd4 25. cxd4 Qb6 26. Rf1 Qxd4+ 27. Qxd4 Rxd4 28. Re1 Nd7 29. b3 b6 30. Bb1 Rd2 31. Rc1 Kf8 32. Re1 Nc5 33. b4 Nd3 34. Bxd3 Rxd3 35. Rc1 g6 36. Rc8+ Kg7 37. Rc2 Re3 38. h3 Rxe5 39. Rc7 a5 40. bxa5 Rxa5 41. Rc2 g5 42. g4 Rc5 43. Rb2 b5 44. Kf2 e5 45. Ke3 f6 46. Ke4 Kg6 47. Rh2 Kf7 48. h4 Rc4+ 49. Kf3 Rf4+ 50. Kg3 e4 51. hxg5 hxg5 52. Rb2 e3 53. Re2 Re4 54. Kf3 Re5 55. Rxe3 Rxe3+ 56. Kxe3 Ke6 57. Kd4 f5 58. gxf5+ Kxf5 59. Ke3 g4 60. Kf2 Ke4 61. Kg3 Kd4 62. Kxg4 Kc3 63. Kf3 Kb2 64. a4 bxa4 65. Ke2 a3 66. Kd2 a2 0-1

[Event "GER-ch Youth U12W 2020"]
[Site "Willingen"]
[Date "2020.10.30"]
[Round "6.12"]
[White "Stepanjan, Marianne"]
[Black "Pröttel, Ela"]
[Result "1-0"]
[ECO "B01"]
[WhiteElo "1351"]
[BlackElo "1229"]
[Annotator "NA RC"]
[PlyCount "83"]
[EventDate "2020.10.27"]
[EventType "swiss"]
[EventRounds "7"]
[EventCountry "GER"]
[SourceTitle "playchess.com"]
[Source "ChessBase"]
[SourceQuality "1"]
[TimeControl "40/5400+30:1800+30"]

1. e4 d5 2. exd5 Qxd5 3. Nc3 Qa5 4. d4 Nf6 5. Bd2 Bg4 6. Nf3 c6 7. Be2 e6 8. h3 Bf5 9. Ne4 Qc7 10. Ng3 Be4 11. Bg5 Nbd7 12. Nxe4 Nxe4 13. Be3 Be7 14. Nd2 Ndf6 15. Bd3 Nxd2 16. Qxd2 Nd5 17. a3 Rd8 18. c4 Nxe3 19. fxe3 Bh4+ 20. Kd1 O-O 21. Qe2 Qg3 22. Rf1 Be7 23. Rf3 Qc7 24. Kc2 e5 25. Qf2 exd4 26. exd4 Bf6 27. Rxf6 g6 28. Qf4 Qe7 29. Qe5 Qxe5 30. dxe5 Rfe8 31. Re1 Kg7 32. Rd6 Rxd6 33. exd6 Rd8 34. c5 b6 35. b4 bxc5 36. bxc5 Kf8 37. Be4 Re8 38. d7 Rd8 39. Bxc6 f6 40. Re8+ Rxe8 41. dxe8=Q+ Kg7 42. Qe7+ 1-0

[Event "GER-ch Youth U12W 2020"]
[Site "Willingen"]
[Date "2020.10.30"]
[Round "6.13"]
[White "Steinlechner, Katja"]
[Black "Müller, Riyanna"]
[Result "1-0"]
[ECO "D20"]
[WhiteElo "1366"]
[BlackElo "1460"]
[Annotator "NA RC"]
[PlyCount "123"]
[EventDate "2020.10.27"]
[EventType "swiss"]
[EventRounds "7"]
[EventCountry "GER"]
[SourceTitle "playchess.com"]
[Source "ChessBase"]
[SourceQuality "1"]
[TimeControl "40/5400+30:1800+30"]

1. d4 d5 2. c4 dxc4 3. e3 Nf6 4. Bxc4 e6 5. Nc3 c5 6. Nf3 a6 7. a4 Nc6 8. O-O cxd4 9. Nxd4 Nxd4 10. exd4 Bd6 11. Bg5 h6 12. Bh4 b6 13. Qf3 Ra7 14. Bxf6 Qxf6 15. Qxf6 gxf6 16. Ne4 Be7 17. Ng3 Rg8 18. Rfe1 Bb7 19. f3 f5 20. Re2 Bxf3 21. gxf3 f4 22. Rg2 fxg3 23. hxg3 Kf8 24. Kf2 a5 25. g4 Rd7 26. Ke3 h5 27. Rh1 Bf6 28. Rd1 hxg4 29. Rxg4 Rxg4 30. fxg4 Kg7 31. b3 Kg6 32. d5 Kg5 33. Kf3 Be7 34. Rd3 e5 35. Ke4 Bd6 36. Rg3 Rd8 37. Rf3 f6 38. Rf5+ Kg6 39. Kf3 Rh8 40. Bd3 Kg7 41. Rh5 Rxh5 42. gxh5 Kh6 43. Kg4 Kg7 44. Kf5 Kf7 45. h6 Bf8 46. h7 Bg7 47. d6 Bh8 48. d7 Ke7 49. Kg6 Kxd7 50. Kf7 Kd8 51. Kg8 Ke7 52. Kxh8 Kf8 53. Bc4 e4 54. Bd5 f5 55. Bc6 e3 56. Bf3 Kf7 57. Bh5+ Kf8 58. Be2 Kf7 59. Bf3 Kf8 60. Bh5 f4 61. Bf3 Kf7 62. Be2 1-0

[Event "GER-ch Youth U12W 2020"]
[Site "Willingen"]
[Date "2020.10.30"]
[Round "6.14"]
[White "Rosin, Ida"]
[Black "Reich, Elisabeth"]
[Result "0-1"]
[ECO "B70"]
[WhiteElo "1387"]
[BlackElo "1128"]
[Annotator "NA RC"]
[PlyCount "92"]
[EventDate "2020.10.27"]
[EventType "swiss"]
[EventRounds "7"]
[EventCountry "GER"]
[SourceTitle "playchess.com"]
[Source "ChessBase"]
[SourceQuality "1"]
[TimeControl "40/5400+30:1800+30"]

1. e4 c5 2. Nf3 d6 3. d4 cxd4 4. Nxd4 Nf6 5. Nc3 g6 6. Bg5 Bg7 7. Bb5+ Bd7 8. Bc4 Nc6 9. Qd2 Nxe4 10. Qf4 Nf6 11. Nd5 O-O 12. Nxf6+ exf6 13. Bh6 Bxh6 14. Nxc6 Bxf4 15. Nxd8 Rfxd8 16. O-O f5 17. Bd5 Bc6 18. Bb3 Re8 19. Rad1 Re2 20. h3 Rae8 21. g3 Bxg3 22. fxg3 Rg2+ 23. Kh1 Rxc2+ 24. Kg1 Rg2+ 25. Kh1 Rxb2+ 26. Bd5 Bxd5+ 27. Rxd5 Ree2 28. Rf2 Rxf2 29. Rxd6 Rxa2 30. Rd1 Rh2+ 31. Kg1 Rxh3 32. Rd8+ Kg7 33. Rd1 Rxg3+ 34. Kf1 b5 35. Rb1 Rc3 36. Ke1 Rh2 37. Kd1 Rh1+ 38. Kd2 Rxb1 39. Kxc3 h5 40. Kd4 h4 41. Kc5 h3 42. Kc6 h2 43. Kb7 h1=Q+ 44. Ka6 Qc6+ 45. Kxa7 Ra1+ 46. Kb8 Ra8# 0-1

[Event "GER-ch Youth U12W 2020"]
[Site "Willingen"]
[Date "2020.10.30"]
[Round "6.15"]
[White "Khanbekyan, Nare"]
[Black "Glotz, Diana"]
[Result "0-1"]
[ECO "C41"]
[WhiteElo "1329"]
[BlackElo "1098"]
[Annotator "NA RC"]
[PlyCount "112"]
[EventDate "2020.10.27"]
[EventType "swiss"]
[EventRounds "7"]
[EventCountry "GER"]
[SourceTitle "playchess.com"]
[Source "ChessBase"]
[SourceQuality "1"]
[TimeControl "40/5400+30:1800+30"]

1. e4 e5 2. Nf3 d6 3. d4 Nd7 4. Bc4 c6 5. Nc3 Be7 6. Be3 Ngf6 7. O-O O-O 8. Qd2 Qc7 9. Nh4 Nxe4 10. Nxe4 Bxh4 11. Ng3 Nb6 12. Bd3 f6 13. dxe5 dxe5 14. a4 Rd8 15. Qe2 g6 16. Ne4 Bf5 17. c4 Bxe4 18. Bxe4 Bg5 19. Bc5 f5 20. Bc2 Rd2 21. Qf3 Rxc2 22. Qd3 Rxc4 23. Bxb6 Qxb6 24. Qxc4+ Kg7 25. b4 Rd8 26. a5 Qd4 27. Qxd4 Rxd4 28. Rfd1 Rxb4 29. Rab1 Be7 30. Rxb4 Bxb4 31. Rd7+ Kh6 32. Rxb7 Bxa5 33. Rxa7 Bb6 34. Ra6 Bd4 35. Rxc6 Kg5 36. Kf1 e4 37. Ke2 Be5 38. h3 Kh4 39. f3 exf3+ 40. gxf3 Kxh3 41. Re6 Ba1 42. Re7 h5 43. Re6 g5 44. Rh6 Kh4 45. Kf2 Bd4+ 46. Kg2 Be3 47. Rc6 g4 48. Rc4 f4 49. fxg4 hxg4 50. Rc7 f3+ 51. Kh2 Bf4+ 52. Kg1 Bxc7 53. Kf1 g3 54. Kg1 g2 55. Kf2 Kh3 56. Kg1 Bb6# 0-1

[Event "GER-ch Youth U12W 2020"]
[Site "Willingen"]
[Date "2020.10.30"]
[Round "6.16"]
[White "Czäczine, Laura"]
[Black "Modali, Nikhilamrutha"]
[Result "1-0"]
[ECO "B13"]
[WhiteElo "1309"]
[BlackElo "1193"]
[Annotator "NA RC"]
[PlyCount "51"]
[EventDate "2020.10.27"]
[EventType "swiss"]
[EventRounds "7"]
[EventCountry "GER"]
[SourceTitle "playchess.com"]
[Source "ChessBase"]
[SourceQuality "1"]
[TimeControl "40/5400+30:1800+30"]

1. e4 c6 2. d4 d5 3. exd5 cxd5 4. c4 Nf6 5. Nf3 Bf5 6. Be2 e6 7. Nc3 Bd6 8. O-O O-O 9. Bg5 Nbd7 10. cxd5 exd5 11. Nxd5 Rc8 12. Bb5 h6 13. Bh4 g5 14. Bg3 Bxg3 15. Nxf6+ Nxf6 16. fxg3 Qb6 17. Ba4 Qxb2 18. Bb3 Qa3 19. Ne5 Nd5 20. Bxd5 Qe3+ 21. Kh1 Be6 22. Bxe6 fxe6 23. Qh5 Rxf1+ 24. Rxf1 Rc1 25. Qg6+ Kh8 26. Nf7# 1-0

[Event "GER-ch Youth U12W 2020"]
[Site "Willingen"]
[Date "2020.10.30"]
[Round "6.17"]
[White "Flierl, Veronika"]
[Black "Woiteck, Helena"]
[Result "1-0"]
[ECO "C54"]
[WhiteElo "1404"]
[BlackElo "1092"]
[Annotator "NA"]
[PlyCount "87"]
[EventDate "2020.10.27"]
[EventType "swiss"]
[EventRounds "7"]
[EventCountry "GER"]
[SourceTitle "playchess.com"]
[Source "ChessBase"]
[SourceQuality "1"]
[TimeControl "40/5400+30:1800+30"]

1. e4 e5 2. Nf3 Nc6 3. Bc4 Bc5 4. c3 Nf6 5. d4 d5 6. exd5 exd4 7. dxc6 dxc3 8. Qxd8+ Kxd8 9. Nxc3 Re8+ 10. Be2 Ng4 11. O-O Bb4 12. Rd1+ Ke7 13. Nd5+ Kf8 14. Nxb4 Rxe2 15. Nd3 bxc6 16. h3 Nf6 17. Be3 Rc2 18. Bc5+ Kg8 19. Nb4 Bf5 20. Nxc2 Bxc2 21. Rd2 Bf5 22. Rad1 Nd5 23. Ne5 h6 24. Nxc6 Nf6 25. Ne7+ Kh7 26. Nxf5 Ne4 27. Rc2 g6 28. Ng3 Ng5 29. Rcd2 Ne6 30. Bb4 a5 31. Bc3 h5 32. Rd7 Kg8 33. Ne4 Rf8 34. Nf6+ Kh8 35. g4 h4 36. Nd5+ Kh7 37. Re1 c6 38. Rxe6 cxd5 39. g5 a4 40. Red6 d4 41. Bxd4 a3 42. b4 Rb8 43. Rd8 f6 44. R6d7# 1-0

[Event "GER-ch Youth U12W 2020"]
[Site "Willingen"]
[Date "2020.10.30"]
[Round "6.18"]
[White "Hoffmann, Sophia"]
[Black "Eichhorn, Mathilda"]
[Result "0-1"]
[ECO "D00"]
[WhiteElo "1345"]
[BlackElo "1560"]
[Annotator "NA RC"]
[PlyCount "136"]
[EventDate "2020.10.27"]
[EventType "swiss"]
[EventRounds "7"]
[EventCountry "GER"]
[SourceTitle "playchess.com"]
[Source "ChessBase"]
[SourceQuality "1"]
[TimeControl "40/5400+30:1800+30"]

1. d4 d5 2. Bf4 c5 3. e3 Nc6 4. Nf3 Nf6 5. c3 Qb6 6. Qc2 Bg4 7. Nbd2 e6 8. c4 Bf5 9. Qc3 Ne4 10. Qb3 Nxd2 11. Nxd2 cxd4 12. cxd5 dxe3 13. Qxb6 exd2+ 14. Bxd2 axb6 15. dxc6 bxc6 16. g3 Be4 17. Rg1 Bc5 18. Bh3 O-O 19. Rf1 Bd5 20. a3 Bc4 21. Rg1 Rfd8 22. Rg2 Bd5 23. Rg1 Rd7 24. Bg2 Bxg2 25. Rxg2 Rad8 26. O-O-O b5 27. f4 Be3 28. Re2 Bxd2+ 29. Rexd2 Rxd2 30. Rxd2 Rxd2 31. Kxd2 Kf8 32. Kd3 Ke7 33. Kd4 Kd6 34. b4 f5 35. h3 h5 36. h4 g6 37. Ke3 Kd5 38. Kd3 c5 39. bxc5 Kxc5 40. Kc3 Kc6 41. Kc2 Kd6 42. Kd2 e5 43. Ke3 e4 44. Kd2 Kd5 45. Kc3 Kc5 46. Kd2 Kd4 47. Kd1 Kd3 48. Kc1 Ke2 49. Kc2 Kf2 50. Kc3 e3 51. Kb4 e2 52. Kxb5 e1=Q 53. a4 Qe8+ 54. Kb4 Qa8 55. a5 Kxg3 56. Kb5 Kxf4 57. Kc4 Qxa5 58. Kd4 Qe5+ 59. Kd3 Qe3+ 60. Kc4 Qd2 61. Kc5 Ke5 62. Kc4 Qd4+ 63. Kb3 Qc5 64. Kb2 Kd4 65. Kb3 Qc3+ 66. Ka2 Qb4 67. Ka1 Kc3 68. Ka2 Qb2# 0-1

[Event "GER-ch Youth U12W 2020"]
[Site "Willingen"]
[Date "2020.10.30"]
[Round "6.19"]
[White "Marrufo, Emilia"]
[Black "Moldovan, Tatiana"]
[Result "0-1"]
[ECO "B28"]
[WhiteElo "788"]
[BlackElo "1516"]
[Annotator "NA RC"]
[PlyCount "33"]
[EventDate "2020.10.27"]
[EventType "swiss"]
[EventRounds "7"]
[EventCountry "GER"]
[SourceTitle "playchess.com"]
[Source "ChessBase"]
[SourceQuality "1"]
[TimeControl "40/5400+30:1800+30"]

1. e4 c5 2. Nf3 a6 3. c3 d5 4. e5 d4 5. Be2 d3 6. Bf1 c4 7. b3 b5 8. a4 Bb7 9. g3 Nd7 10. Bg2 Nxe5 11. Nxe5 Bxg2 12. Ng4 e6 13. Ne3 cxb3 14. Qe2 Nf6 15. Nc4 Nd5 16. Ba3 Nxc3 17. Nd6+ 0-1

[Event "GER-ch Youth U12W 2020"]
[Site "Willingen"]
[Date "2020.10.30"]
[Round "6.20"]
[White "Heutling, Sarah"]
[Black "Heuberger, Sandra"]
[Result "1-0"]
[ECO "C55"]
[WhiteElo "1197"]
[BlackElo "1004"]
[Annotator "NA RC"]
[PlyCount "107"]
[EventDate "2020.10.27"]
[EventType "swiss"]
[EventRounds "7"]
[EventCountry "GER"]
[SourceTitle "playchess.com"]
[Source "ChessBase"]
[SourceQuality "1"]
[TimeControl "40/5400+30:1800+30"]

1. e4 e5 2. Nf3 Nc6 3. Bc4 Nf6 4. d4 exd4 5. e5 d5 6. Bb5 Ne4 7. Nxd4 Bd7 8. Nxc6 Bxc6 9. Bxc6+ bxc6 10. O-O Bc5 11. Qe2 O-O 12. Nd2 Nxd2 13. Bxd2 Re8 14. Rfe1 Rb8 15. Rab1 f6 16. b4 Bd4 17. e6 Qd6 18. Qg4 Be5 19. Bh6 Re7 20. f4 Bd4+ 21. Kh1 Rxb4 22. Rbc1 Bc3 23. Re2 c5 24. Qg3 Bd4 25. c3 Rc4 26. Rb1 Qd8 27. cxd4 Rxd4 28. f5 Rb4 29. Rxb4 cxb4 30. Rf2 d4 31. Bd2 c5 32. Rf4 h5 33. Qh3 Qe8 34. g4 Qa4 35. Qb3 Qc6+ 36. Qf3 Qa4 37. Qb3 Qc6+ 38. Kg1 h4 39. h3 a5 40. a3 a4 41. Qb2 b3 42. Be1 d3 43. g5 c4 44. gxf6 Qc5+ 45. Kh2 Rc7 46. f7+ Kf8 47. Bb4 Qxb4 48. axb4 c3 49. Rxh4 Ke7 50. Qg2 Rc8 51. Qb7+ Kf6 52. Qxc8 c2 53. f8=Q+ Ke5 54. Qcc5# 1-0

[Event "GER-ch Youth U12W 2020"]
[Site "Willingen"]
[Date "2020.10.31"]
[Round "7.1"]
[White "Arnold, Rubina"]
[Black "Wartenberg, Alissa"]
[Result "0-1"]
[ECO "C77"]
[WhiteElo "1414"]
[BlackElo "1463"]
[Annotator "NA RC"]
[PlyCount "96"]
[EventDate "2020.10.27"]
[EventType "swiss"]
[EventRounds "7"]
[EventCountry "GER"]
[SourceTitle "playchess.com"]
[Source "ChessBase"]
[SourceQuality "1"]
[TimeControl "40/5400+30:1800+30"]

1. e4 e5 2. Nf3 Nc6 3. Bb5 a6 4. Ba4 Nf6 5. Qe2 b5 6. Bb3 Bc5 7. c3 O-O 8. O-O Bb7 9. Rd1 Re8 10. d3 Ba7 11. Nbd2 d6 12. Nf1 Qd7 13. Ng3 Na5 14. Bc2 Ng4 15. Be3 Nxe3 16. fxe3 Rad8 17. b4 Nc6 18. Bb3 a5 19. Ng5 Rf8 20. Rf1 d5 21. Bxd5 Nd4 22. exd4 Bxd5 23. exd5 exd4 24. Kh1 dxc3 25. Qe4 g6 26. Nh5 f5 27. Qe6+ Qxe6 28. Nxe6 gxh5 29. Nxd8 Rxd8 30. Rxf5 axb4 31. g3 Be3 32. Rf3 Bd2 33. Rf2 Rxd5 34. Raf1 Rd8 35. Re2 Rf8 36. Rxf8+ Kxf8 37. Rf2+ Kg7 38. Kg2 c2 39. Rf1 c1=Q 40. Rxc1 Bxc1 41. Kf3 Kf6 42. Ke4 Ke6 43. h3 Bb2 44. d4 c6 45. g4 hxg4 46. hxg4 h6 47. Ke3 Kd5 48. Kd3 Bxd4 0-1

[Event "GER-ch Youth U12W 2020"]
[Site "Willingen"]
[Date "2020.10.31"]
[Round "7.2"]
[White "Trunz, Michelle"]
[Black "Wilmink, Anna"]
[Result "1-0"]
[ECO "A40"]
[WhiteElo "1662"]
[BlackElo "1608"]
[Annotator "NA RC"]
[PlyCount "159"]
[EventDate "2020.10.27"]
[EventType "swiss"]
[EventRounds "7"]
[EventCountry "GER"]
[SourceTitle "playchess.com"]
[Source "ChessBase"]
[SourceQuality "1"]
[TimeControl "40/5400+30:1800+30"]

1. d4 g6 2. c4 Bg7 3. Nc3 c5 4. e3 Nf6 5. Nf3 cxd4 6. exd4 d5 7. c5 O-O 8. Bd3 Nc6 9. a3 a6 10. O-O Bg4 11. Be3 e5 12. Be2 e4 13. Nd2 Bxe2 14. Nxe2 Ng4 15. Qb3 Nxe3 16. Qxe3 Qd7 17. b4 Rac8 18. Nb3 Rb8 19. Rab1 Rfc8 20. Rfd1 f5 21. Na1 b5 22. cxb6 Rxb6 23. Nb3 Rcb8 24. Nc5 Qe7 25. Rbc1 Na7 26. Qb3 Rd8 27. Nc3 Rbd6 28. a4 Qf7 29. b5 axb5 30. axb5 Rb8 31. Qa4 Nc8 32. Ra1 Nb6 33. Qb4 Nc4 34. Ra4 Rdd8 35. Na6 Rb6 36. Nc5 Rbb8 37. Ra6 Re8 38. Ne2 e3 39. f3 Bf8 40. Rda1 f4 41. Ra7 Qf5 42. Qb1 Qxb1+ 43. Rxb1 Bxc5 44. dxc5 Rec8 45. b6 Ne5 46. b7 Rxc5 47. Ra8 Nd7 48. h3 Kf7 49. Nxf4 Rc7 50. Rxb8 Nxb8 51. Nxd5 Rd7 52. Nxe3 Ke7 53. Rb2 Kd6 54. Kf2 Kc6 55. Ng4 Rxb7 56. Rxb7 Kxb7 57. Nf6 h5 58. Kg3 Kc7 59. Kf4 Nc6 60. Kg5 Ne7 61. Nh7 Kd8 62. Nf8 Nf5 63. Nxg6 Ne3 64. Nf4 Ke8 65. Kxh5 Kf8 66. g4 Kg8 67. Kg5 Kh8 68. Ng6+ Kg7 69. f4 Nd5 70. f5 Kf7 71. h4 Kg7 72. h5 Kh7 73. f6 Nxf6 74. Kxf6 Kh6 75. g5+ Kh7 76. Nf4 Kg8 77. g6 Kh8 78. g7+ Kg8 79. Ng2 Kh7 80. Kf7 1-0

[Event "GER-ch Youth U12W 2020"]
[Site "Willingen"]
[Date "2020.10.31"]
[Round "7.3"]
[White "Peglau, Charis"]
[Black "Fischer, Juliane"]
[Result "1-0"]
[ECO "B37"]
[WhiteElo "1768"]
[BlackElo "1509"]
[Annotator "NA RC"]
[PlyCount "102"]
[EventDate "2020.10.27"]
[EventType "swiss"]
[EventRounds "7"]
[EventCountry "GER"]
[SourceTitle "playchess.com"]
[Source "ChessBase"]
[SourceQuality "1"]
[TimeControl "40/5400+30:1800+30"]

1. e4 c5 2. Nf3 g6 3. d4 cxd4 4. Nxd4 Bg7 5. c4 Nc6 6. Nc2 Nf6 7. Nc3 O-O 8. Be2 d6 9. O-O Nd7 10. Bd2 Nc5 11. f3 e6 12. Rb1 a5 13. Kh1 Be5 14. g3 f5 15. exf5 Rxf5 16. f4 Bg7 17. Bg4 Rf8 18. Be3 Bxc3 19. bxc3 Ne4 20. Qd3 Nc5 21. Qe2 Qc7 22. Bxc5 dxc5 23. Bxe6+ Bxe6 24. Qxe6+ Kh8 25. Rfe1 Rad8 26. Qe3 b6 27. Qe4 Rd2 28. a3 Rf7 29. Ne3 Re7 30. Qf3 Rd3 31. Qf2 Rd8 32. Nd5 Rxe1+ 33. Qxe1 Qa7 34. Qe6 Qd7 35. Qxd7 Rxd7 36. Rxb6 Ne7 37. Nxe7 Rxe7 38. Rb5 Re3 39. Rxc5 Rxc3 40. a4 Kg7 41. Kg2 Kf6 42. g4 Ke6 43. h3 Kd6 44. Rxa5 Rxc4 45. Kg3 Kc6 46. Ra7 Kd5 47. Rxh7 Rxa4 48. Re7 Kd6 49. Rg7 Ra3+ 50. Kh4 Rf3 51. Rxg6+ Kd5 1-0

[Event "GER-ch Youth U12W 2020"]
[Site "Willingen"]
[Date "2020.10.31"]
[Round "7.4"]
[White "Schwenke, Mia"]
[Black "Bräutigam, Katerina"]
[Result "0-1"]
[ECO "C54"]
[WhiteElo "1265"]
[BlackElo "1744"]
[Annotator "NA RC"]
[PlyCount "116"]
[EventDate "2020.10.27"]
[EventType "swiss"]
[EventRounds "7"]
[EventCountry "GER"]
[SourceTitle "playchess.com"]
[Source "ChessBase"]
[SourceQuality "1"]
[TimeControl "40/5400+30:1800+30"]

1. e4 e5 2. Nf3 Nc6 3. Bc4 Bc5 4. c3 Nf6 5. d3 d6 6. O-O h6 7. Nbd2 g5 8. b4 Bb6 9. a4 a6 10. Re1 Be6 11. Bb3 Nd7 12. Nf1 g4 13. N3d2 Qf6 14. Ne3 h5 15. Ndf1 Ne7 16. Bb2 Rg8 17. Bxe6 fxe6 18. Qe2 Ng6 19. g3 Ke7 20. a5 Ba7 21. Rac1 Ngf8 22. Rc2 Nh7 23. Rd1 Ng5 24. Kg2 Raf8 25. Ba3 Nf3 26. Rb1 h4 27. Rbb2 Rg7 28. c4 Nd4 29. Qd1 Nxc2 30. Rxc2 Qg5 31. Bc1 Qh5 32. Qe1 Rh7 33. Kh1 Qf7 34. Qe2 hxg3 35. fxg3 Bxe3 36. Nxe3 Qf3+ 37. Qxf3 gxf3 38. Rf2 Rfh8 39. Nf1 Rf7 40. Bg5+ Ke8 41. Nd2 c5 42. b5 Nf6 43. Bxf6 Rxf6 44. Rxf3 Rxf3 45. Nxf3 axb5 46. cxb5 Ke7 47. Nd2 d5 48. Kg2 Ra8 49. a6 bxa6 50. bxa6 Rxa6 51. Kf3 Ra2 52. Nf1 c4 53. dxc4 dxc4 54. h4 c3 55. Ne3 c2 56. Nxc2 Rxc2 57. h5 Kf6 58. h6 Kg6 0-1

[Event "GER-ch Youth U12W 2020"]
[Site "Willingen"]
[Date "2020.10.31"]
[Round "7.5"]
[White "Haug, Mara"]
[Black "Hergenröder, Cora"]
[Result "1-0"]
[ECO "C50"]
[WhiteElo "1366"]
[BlackElo "1422"]
[Annotator "NA RC"]
[PlyCount "81"]
[EventDate "2020.10.27"]
[EventType "swiss"]
[EventRounds "7"]
[EventCountry "GER"]
[SourceTitle "playchess.com"]
[Source "ChessBase"]
[SourceQuality "1"]
[TimeControl "40/5400+30:1800+30"]

1. e4 e5 2. Nf3 Nc6 3. Bc4 Be7 4. Nc3 Nf6 5. d3 d6 6. h3 O-O 7. O-O Bd7 8. Be3 Na5 9. Bd5 c6 10. Bb3 Nxb3 11. axb3 Qc7 12. d4 exd4 13. Qxd4 c5 14. Qd3 a6 15. Rfd1 h6 16. Bf4 Bb5 17. Nxb5 axb5 18. Qxb5 Nxe4 19. Qd3 Rxa1 20. Rxa1 Nf6 21. Rd1 Rd8 22. Nd2 Nh5 23. Bh2 Qc6 24. Qe2 Re8 25. Qxh5 Bg5 26. Nf3 Bf6 27. c3 Qe4 28. Bxd6 Rd8 29. Re1 Qc2 30. Bxc5 Qxb3 31. Ba3 Bxc3 32. Re3 Qd1+ 33. Kh2 Bd4 34. Re1 Qc2 35. Nxd4 Rxd4 36. Re8+ Kh7 37. Qxf7 Rd2 38. Qg8+ Kg6 39. Re6+ Kf5 40. Qf7+ Kg5 41. Be7# 1-0

[Event "GER-ch Youth U12W 2020"]
[Site "Willingen"]
[Date "2020.10.31"]
[Round "7.6"]
[White "Peglau, Dora"]
[Black "Fock, Madiha"]
[Result "1-0"]
[ECO "D37"]
[WhiteElo "1683"]
[BlackElo "1258"]
[Annotator "NA RC"]
[PlyCount "69"]
[EventDate "2020.10.27"]
[EventType "swiss"]
[EventRounds "7"]
[EventCountry "GER"]
[SourceTitle "playchess.com"]
[Source "ChessBase"]
[SourceQuality "1"]
[TimeControl "40/5400+30:1800+30"]

1. d4 d5 2. c4 e6 3. Nf3 Nf6 4. Nc3 Be7 5. Bf4 O-O 6. e3 c6 7. Bd3 Nbd7 8. cxd5 exd5 9. O-O Re8 10. Rb1 Nb6 11. b4 Bd6 12. Bxd6 Qxd6 13. b5 Ne4 14. Bxe4 dxe4 15. Nd2 Bf5 16. Qb3 Re6 17. bxc6 Rh6 18. g3 Qxc6 19. Rfc1 Be6 20. Qd1 Bd5 21. Nxd5 Qxd5 22. Rc5 Qe6 23. Qc2 Qh3 24. Nf1 Qg4 25. Re5 Re6 26. Rc5 Re7 27. Rc7 Rxc7 28. Qxc7 Qd7 29. Qxd7 Nxd7 30. Rxb7 Nf6 31. Nd2 Kf8 32. Nc4 Ne8 33. g4 g5 34. Ne5 Nd6 35. Rd7 1-0

[Event "GER-ch Youth U12W 2020"]
[Site "Willingen"]
[Date "2020.10.31"]
[Round "7.7"]
[White "Bangiev, Katharina"]
[Black "Lorenz, Veronika"]
[Result "0-1"]
[ECO "C47"]
[WhiteElo "1539"]
[BlackElo "1273"]
[Annotator "NA RC"]
[PlyCount "50"]
[EventDate "2020.10.27"]
[EventType "swiss"]
[EventRounds "7"]
[EventCountry "GER"]
[SourceTitle "playchess.com"]
[Source "ChessBase"]
[SourceQuality "1"]
[TimeControl "40/5400+30:1800+30"]

1. e4 e5 2. Nf3 Nc6 3. Nc3 Nf6 4. g3 d5 5. exd5 Nxd5 6. Bg2 Nxc3 7. bxc3 Bc5 8. O-O O-O 9. Re1 Bg4 10. h3 Bh5 11. g4 Bg6 12. Nxe5 Nxe5 13. Rxe5 Bd6 14. Re1 Qh4 15. d4 f5 16. Rf1 f4 17. Qf3 Bxc2 18. c4 c6 19. Re1 Bb4 20. Re2 Bd1 21. Rb1 Bxe2 22. Qxe2 a5 23. a3 Rae8 24. Qf3 Re1+ 25. Bf1 Bd2 0-1